 Dungeon Crawl Stone Soup version 0.19-a0-790-ge39e1af (webtiles) character file.

1746 George the Cleaver (level 9, -2/70 HPs)
             Began as a Hill Orc Fighter on June 26, 2016.
             Killed from afar by an orc wizard (7 damage)
             ... with a puff of flame
             ... on level 6 of the Dungeon.
             The game lasted 00:10:28 (5478 turns).

George the Cleaver (Hill Orc Fighter)               Turns: 5478, Time: 00:10:28

Health: -2/70      AC: 12    Str: 22    XL:     9   Next: 6%
Magic:  9/9        EV:  4    Int:  8    God:
Gold:   285        SH: 10    Dex: 10    Spells: 0 memorised, 8 levels left

rFire  . . .     SeeInvis .     a - +0 war axe
rCold  . . .     Gourm    .     z - +0 plate armour
rNeg   . . .     Faith    .     c - +1 shield
rPois  .         Spirit   .     (no helmet)
rElec  .         Dismiss  .     w - +0 cloak
rCorr  +         Reflect  .     (no gloves)
SustAt .         Harm     .     (no boots)
MR     .....                    (no amulet)
Stlth  ..........               (no ring)
                                y - ring of resist corrosion

@: not resistant to hostile enchantments, extremely unstealthy
A: no striking features
a: no special abilities


You were on level 6 of the Dungeon.
You were not hungry.

You visited 1 branch of the dungeon, and saw 6 of its levels.
You also visited: Sewer.

You collected 285 gold pieces.

Inventory:

Hand Weapons
 a - a +0 war axe (weapon)
Armour
 c - a +1 shield (worn)
 w - a +0 cloak (worn)
 z - a +0 plate armour (worn)
Jewellery
 h - an uncursed amulet of faith
 y - a ring of resist corrosion (left hand)
Wands
 C - a wand of flame (18/48)
Scrolls
 v - 3 scrolls of enchant armour
 D - 3 scrolls of teleportation {unknown}
 K - a scroll of fear {unknown}
Potions
 d - 2 potions of might
 g - a potion of invisibility
 o - 2 potions of cancellation
 p - 2 potions of ambrosia
 s - 2 potions of haste
 x - a potion of heal wounds
 G - 2 potions of flight
 H - 2 potions of curing
 M - 2 potions of lignification {unknown}
Comestibles
 f - 6 bread rations
 k - 2 beef jerkies
 m - 3 fruits


   Skills:
 - Level 3.6 Fighting
 + Level 14.2 Axes
 - Level 3.2 Armour
 - Level 3.2 Shields


You had 8 spell levels left.
You didn't know any spells.

Dungeon Overview and Level Annotations

Branches:
Dungeon (6/15)
 Temple: D:4-7

Altars:
Ashenzari
Makhleb
Trog
Vehumet
Xom

Shops:
D:4 (   D:5 [


Message History

The freed slave barely misses the orc wizard.
The freed slave hits the orc.
The adder closely misses the freed slave.
The orc closely misses the freed slave.
The freed slave hits the orc!
The orc dies!
The orc warrior hits the freed slave with a war axe!
The orc wizard hits the freed slave but does no damage.
The orc hits the freed slave with a short sword.
The orc wizard hits the freed slave with a dagger.
The freed slave hits the orc wizard but does no damage.
The freed slave hits the orc warrior but does no damage.
The orc wizard hits the freed slave with a dagger.
Something hits the howler monkey.
The freed slave hits the orc wizard!
The freed slave hits the orc warrior.
The howler monkey hoots and howls with incredible vigour!
The freed slave misses the orc wizard.
Something misses the freed slave.
The freed slave hits the orc warrior.
The orc wizard points at you and mumbles some strange words.
The puff of flame hits you!
You die...

...........hp.p.........#
...........o..oo......###
.............(........#
.<..........o.h.........
#####.#.#..S..#########.#
#.#.#.....# ..
#.#.#.....# #...#.....#
##..#@....# #......####
#..>##.# #.#.##.#
#.#.##.# #.#####.#.##.#
#.p.<)[...##.#
#.#######.# .# .#


You could see 2 orc warriors, a black bear, an orc wizard, an adder and an orc.

Vanquished Creatures
  Pikel (D:6)
  The ghost of George the Cleaver, a novice HOFi (D:5)
  Sigmund (D:4)
  A big kobold (Sewer)
  A crimson imp (D:5)
  2 orc priests
  A centaur skeleton (D:5)
  4 orc wizards
  An iguana (D:4)
  Jessica (D:2)
  3 worker ants
  A statue (D:4)
  2 hound skeletons (D:4)
  A worker ant zombie (D:5)
  6 gnolls
  8 adders
  2 river rats (Sewer)
  A shadow imp (D:5)
  4 oozes
  An adder zombie (D:6)
  4 worms
  3 dart slugs
  4 giant geckos
  25 orcs
  A ball python (D:1)
  3 giant cockroaches
  10 goblins
  11 hobgoblins
  8 jackals
  15 kobolds
  A quokka (D:3)
  10 bats
  3 giant gecko skeletons (D:4)
  7 giant newts
  A quokka zombie (D:5)
  16 rats
165 creatures vanquished.

Vanquished Creatures (others)
  A crimson imp (D:6)
  An orc priest (D:6)
  2 orcs (D:6)
4 creatures vanquished.

Grand Total: 169 creatures vanquished

Notes
Turn   | Place    | Note
--------------------------------------------------------------
     0 | D:1      | George the Hill Orc Fighter began the quest for the Orb.
     0 | D:1      | Reached XP level 1. HP: 19/19 MP: 1/1
    37 | D:1      | Reached skill level 3 in Axes
    61 | D:1      | Reached XP level 2. HP: 26/26 MP: 2/2
   105 | D:1      | Reached skill level 4 in Axes
   240 | D:1      | Reached XP level 3. HP: 31/31 MP: 3/3
   436 | D:1      | Reached skill level 5 in Axes
   737 | D:2      | Noticed Jessica
   745 | D:2      | Reached XP level 4. HP: 34/39 MP: 4/4
   760 | D:2      | Killed Jessica
   760 | D:2      | Reached skill level 6 in Axes
   999 | D:2      | Reached XP level 5. HP: 17/45 MP: 5/5
  1196 | D:2      | Found a shimmering altar of Xom.
  1196 | D:2      | Found a burning altar of Makhleb.
  1333 | D:2      | Reached skill level 7 in Axes
  1681 | D:3      | Found a faded altar of an unknown god.
  2027 | D:3      | Reached skill level 8 in Axes
  2027 | D:3      | Reached XP level 6. HP: 45/51 MP: 6/6
  2427 | D:4      | Reached skill level 9 in Axes
  2693 | D:4      | Noticed Sigmund
  2719 | D:4      | Killed Sigmund
  2719 | D:4      | Reached skill level 10 in Axes
  2719 | D:4      | Reached XP level 7. HP: 14/57 MP: 7/7
  2990 | D:4      | Found Ceor Ama's Weapon Shop.
  3140 | D:4      | Found a shattered altar of Ashenzari.
  3163 | D:4      | Found a bloodstained altar of Trog.
  3182 | D:4      | Found a radiant altar of Vehumet.
  3243 | D:5      | Entered Level 5 of the Dungeon
  3263 | D:5      | Found Xeistri's Armour Boutique.
  3361 | D:5      | Found a glowing drain.
  3440 | Sewer    | Entered a sewer
  3621 | Sewer    | Reached skill level 11 in Axes
  3639 | Sewer    | Found a white marble altar of Elyvilon.
  3912 | D:5      | Noticed George's ghost (novice HOFi)
  4058 | D:4      | Reached XP level 8. HP: 13/64 MP: 8/8
  5157 | D:5      | Killed George's ghost
  5157 | D:5      | Reached skill level 12 in Axes
  5385 | D:6      | Noticed Pikel
  5412 | D:6      | Killed Pikel
  5412 | D:6      | Reached skill level 14 in Axes
  5412 | D:6      | Reached XP level 9. HP: 54/70 MP: 9/9
  5464 | D:6      | HP: 2/70 [orc warrior/glaive (21)]
  5478 | D:6      | Killed from afar by an orc wizard

Vault maps used:
D:1:      saegor_arrival_under_anarchy, serial_glass, glass_columns_c,
          glass_columns_a, corner_web_ring
D:2:      gammafunk_temple_overflow_elements, first_bread,
          guppyfry_early_orc_mine, uniq_jessica
D:3:      ecumenical_altar_1, grunt_ministairs_5, kennysheep_generic_room_7
D:4:      vehumet_statue, lightli_temple_of_fire, kennysheep_little_box,
          serial_shops, nicolae_shop_waterfront, uniq_sigmund
D:5:      portal_sewer_entry_d, serial_shops, shop
D:6:      lemuel_doored_altar, uniq_pikel
Sewer:    sewer_kobolds

Skill      XL: |  1  2  3  4  5  6  7  8 |
---------------+-------------------------+-----
Axes           | 3 4 5 6 8 10 11 14 | 14.2
Fighting       | |  3.6
Armour         | |  3.2
Shields        | |  3.2

Action                   |  1- 3 |  4- 6 |  7- 9 || total
-------------------------+-------+-------+-------++-------
Melee: War axe           |   105 |   270 |   218 ||   593
  Use: Scroll            |       |    10 |     3 ||    13
       Potion            |       |       |     1 ||     1
  Eat: Chunk             |       |     6 |     5 ||    11
       Fruit             |       |       |     1 ||     1
       Meat ration       |       |       |     1 ||     1
Armor: Scale mail        |     9 |       |       ||     9
       Chain mail        |    31 |    95 |       ||   126
       Plate armour      |       |    32 |   112 ||   144
Dodge: Dodged            |    32 |    59 |    17 ||   108
Block: Shield            |    48 |   142 |   106 ||   296
